Map: Cerulean Fall LE

Players

GunGFuBanDa

  • Race: Protoss Protoss
  • League: Grandmaster
  • Spawn Location: 1:00

Lambo - Winner!

  • Race: Zerg Zerg
  • League: Master
  • Spawn Location: 7:00

VOD

Have the link to the VOD?

Description

Time

  • Played on: Jan. 11, 2019, 10:06 a.m.
  • Length: 17:53
Show
View Real Time Build Order
Export as new Build Order

GunGFuBanDa Protoss 

Build Orders: 1 Gate Expand, Archon Immortal, Carriers 

Get SALT Encoding   

  12  0:01  Probe  
  13  0:13  Probe  
  14  0:18  Pylon  
  14  0:25  Probe  
  15  0:33  Probe  
  15  0:39  Gateway  
  15  0:41  Probe  
  16  0:48  Assimilator  
  17  0:51  Probe  
  18  1:04  Probe  
  19  1:16  Probe  
  20  1:25  Nexus  
  20  1:35  Cybernetics Core  
  20  1:38  Probe  
  21  1:46  Assimilator  
  21  1:52  Probe  
  22  1:57  Pylon  
  22  2:07  Adept  
  22  2:09  Probe  
  22  2:12  Warp Gate  
  23  2:21  Probe  
  26  2:26  Twilight Council  
  26  2:31  Probe  
  26  2:34  Stalker  
  26  2:35  Probe  
  29  2:42  Probe  
  29  2:43  Probe  
  30  2:51  Probe  
  32  2:53  Probe  
  34  3:03  Probe  
  34  3:04  Adept, Probe  
  37  3:07  Resonating Glaives  
  38  3:12  Probe  
  38  3:15  Probe  
  40  3:22  Probe  
  40  3:24  Pylon  
  41  3:27  Probe  
  41  3:30  Gateway  
  41  3:32  Probe  
  42  3:39  Probe  
  42  3:41  Probe  
  44  3:42  Assimilator  
  44  3:44  Assimilator  
  44  3:47  Pylon  
  45  3:49  Probe  
  45  3:51  Probe  
  47  3:57  Stargate x2  
  47  4:01  Probe  
  48  4:05  Probe  
  49  4:16  Probe, Pylon  
  50  4:20  Gateway x2  
  50  4:28  Probe  
  50  4:30  Adept x2  
  55  4:39  Phoenix x2  
  55  4:45  Probe  
  59  4:53  Adept x2  
  63  5:00  Nexus  
  63  5:04  Phoenix, Pylon  
  63  5:12  Protoss Air Weapons Level 1, Phoenix  
  67  5:17  Probe  
  67  5:19  Pylon  
  68  5:22  Phoenix  
  68  5:34  Shield Battery  
  70  5:37  Probe x2  
  70  5:39  Phoenix  
  70  5:40  Phoenix  
  76  5:55  Probe  
  77  6:01  Probe  
  77  6:02  Phoenix  
  78  6:04  Phoenix  
  78  6:05  Robotics Facility  
  78  6:06  Sentry  
  78  6:07  Probe  
  85  6:15  Robotics Facility  
  85  6:26  Probe  
  85  6:30  Probe x2  
  88  6:34  Probe  
  89  6:40  Forge  
  89  6:42  Probe, Pylon  
  89  6:43  Probe, Pylon  
  89  6:44  Probe  
  89  6:46  Immortal  
  92  6:50  Charge  
  92  6:54  Probe  
  92  6:55  Probe  
  92  6:56  Probe  
  92  7:00  Robotics Bay  
  92  7:01  Immortal  
  99  7:06  Probe, Assimilator  
  99  7:07  Probe  
  105  7:10  Assimilator  
  105  7:14  Immortal, Pylon  
  105  7:18  Probe  
  105  7:19  Probe  
  107  7:28  Protoss Ground Weapons Level 1  
  111  7:33  Gateway  
  111  7:35  Gateway  
  111  7:36  Photon Cannon  
  111  7:38  Pylon  
  111  7:42  Observer  
  112  7:44  Colossus, Zealot  
  112  7:45  Zealot x3  
  112  7:48  Probe  
  121  7:52  Extended Thermal Lance  
  121  7:55  Colossus  
  125  8:10  Photon Cannon  
  125  8:12  Pylon  
  131  8:16  Probe x2  
  132  8:31  Templar Archives, Photon Cannon  
  132  8:39  Zealot x4  
  140  8:45  Disruptor  
  140  8:46  Pylon  
  140  8:48  Pylon  
  140  8:58  Colossus  
  139  9:06  Protoss Ground Weapons Level 2, Zealot x6  
  151  9:22  Pylon  
  151  9:36  High Templar  
  151  9:37  High Templar x2  
  157  9:40  High Templar, Zealot x2  
  157  9:41  Photon Cannon  
  157  9:44  Archon x2, Blink  
  157  9:45  Pylon  
  163  9:46  Pylon  
  163  9:59  Immortal, Pylon  
  163  10:00  Nexus  
  163  10:03  Pylon  
  163  10:04  Warp Prism  
  171  10:10  High Templar  
  171  10:11  High Templar, Zealot x3  
  181  10:15  Pylon  
  181  10:17  Archon  
  181  10:21  Photon Cannon x2  
  179  10:32  Zealot  
  179  10:35  High Templar x3  
  187  10:42  Archon  
  151  10:58  High Templar  
  151  10:59  Zealot x2  
  151  11:06  Archon  
  151  11:10  Fleet Beacon  
  151  11:11  Gateway, Assimilator  
  151  11:14  Gateway  
  151  11:15  Assimilator  
  151  11:16  Gateway  
  151  11:18  Sentry  
  151  11:19  Sentry, Zealot, Stalker  
  151  11:20  Stalker  
  151  11:24  Probe x2  
  163  11:28  Shield Battery  
  127  11:48  Zealot x4  
  127  11:49  Zealot x2  
  127  11:50  Immortal x2  
  110  11:58  Tempest x2  
  110  11:59  Psionic Storm  
  92  12:06  Probe  
  92  12:07  Probe  
  89  12:12  Sentry, High Templar x2, Zealot  
  89  12:13  Zealot x5  
  117  12:19  Shield Battery  
  117  12:31  Immortal x2  
  117  12:34  Nexus  
  117  12:35  Pylon  
  125  12:40  Tempest  
  123  12:44  High Templar x2  
  123  12:47  Protoss Ground Weapons Level 3  
  132  12:54  Photon Cannon x2  
  132  12:56  Tempest, Photon Cannon  
  132  12:59  Shield Battery  
  137  13:17  High Templar, Photon Cannon  
  137  13:18  Tempest  
  137  13:19  Zealot  
  141  13:26  Mothership  
  146  13:29  Observer  
  147  13:39  Protoss Air Weapons Level 2  
  145  13:42  Zealot x7  
  145  13:43  Zealot  
  157  14:02  Carrier  
  157  14:07  High Templar  
  157  14:09  Carrier  
  159  14:10  Probe x2  
  159  14:13  Assimilator  
  159  14:17  Assimilator  
  159  14:21  Shield Battery  
  159  14:22  Probe  
  159  14:24  Shield Battery  
  166  14:26  Pylon  
  156  14:45  High Templar x2  
  155  14:46  Zealot x7  
  155  14:51  Archon  
  169  14:55  Carrier  
  169  14:58  Immortal  
  169  14:59  Probe  
  174  15:03  Carrier  
  186  15:17  Protoss Shields Level 1  
  172  15:28  Observer  
  173  15:33  High Templar x3  
  173  15:34  High Templar  
  175  15:37  Warp Prism  
  175  15:39  Archon x2  
  177  15:45  Zealot x4  
  169  15:59  Dark Shrine  
  169  16:01  Carrier x2  
  169  16:10  Photon Cannon  
  176  16:12  Photon Cannon  
  176  16:16  Probe x2  
  176  16:17  Probe  
  179  16:34  Zealot  
  181  16:47  Stargate  
  181  16:49  Photon Cannon  
  181  16:51  Stargate  
  181  16:53  Zealot  
  183  17:05  Tempest x2  
  191  17:16  Photon Cannon  
  191  17:17  Pylon  
  173  17:42  Zealot  
  173  17:43  Zealot x8  
Show
View Real Time Build Order
Export as new Build Order

Lambo Zerg - Winner!

Build Orders: Hatch First, Brood Lord Corruptor 

Get SALT Encoding   

  12  0:00  Drone  
  13  0:12  Overlord  
  13  0:17  Drone  
  14  0:31  Drone x2  
  16  0:49  Hatchery  
  15  0:52  Drone  
  15  0:56  Drone  
  17  0:59  Drone  
  18  1:09  Extractor  
  17  1:14  Spawning Pool  
  17  1:17  Drone  
  17  1:21  Drone  
  18  1:28  Drone  
  19  1:42  Drone  
  20  1:54  Overlord  
  20  2:02  Queen x2  
  20  2:03  Zergling x4  
  26  2:10  Metabolic Boost  
  26  2:13  Drone  
  27  2:17  Drone  
  28  2:31  Drone x2  
  30  2:40  Hatchery  
  30  2:42  Drone  
  30  2:43  Drone  
  31  2:46  Drone  
  31  2:49  Overlord  
  32  2:58  Queen  
  34  3:02  Drone  
  35  3:11  Drone x2  
  35  3:12  Drone x2  
  39  3:16  Drone  
  39  3:17  Overlord  
  39  3:18  Drone x2  
  42  3:20  Drone  
  42  3:23  Drone  
  44  3:28  Spore Crawler  
  43  3:37  Drone x3  
  43  3:38  Queen  
  48  3:43  Lair  
  48  3:46  Drone x2  
  50  3:53  Zergling x8  
  54  4:00  Roach Warren  
  54  4:01  Extractor  
  52  4:03  Extractor  
  52  4:06  Overlord  
  52  4:07  Drone x2  
  52  4:09  Drone  
  55  4:10  Drone  
  55  4:11  Drone  
  55  4:13  Drone  
  55  4:15  Overlord  
  57  4:20  Drone  
  57  4:21  Overlord  
  58  4:29  Overlord  
  58  4:33  Drone x2  
  58  4:34  Overlord  
  58  4:36  Drone x2  
  58  4:37  Overlord  
  62  4:45  Drone x2  
  62  4:48  Drone x2  
  62  4:50  Glial Reconstitution  
  65  4:53  Overseer  
  65  4:56  Spore Crawler  
  65  4:57  Spore Crawler  
  63  5:00  Overlord  
  63  5:01  Overlord  
  63  5:06  Roach x3  
  69  5:08  Roach  
  69  5:11  Roach x2  
  75  5:17  Drone  
  75  5:18  Drone x3  
  75  5:19  Hydralisk Den  
  76  5:23  Drone x4  
  76  5:26  Drone x2  
  83  5:28  Drone  
  83  5:31  Drone x3  
  86  5:36  Spore Crawler  
  86  5:41  Queen, Spore Crawler  
  86  5:44  Queen, Spore Crawler  
  86  5:46  Drone  
  87  5:51  Drone x2  
  87  5:53  Grooved Spines  
  87  5:54  Drone x2  
  87  5:55  Extractor, Drone  
  87  5:56  Drone  
  92  5:59  Drone x3  
  92  6:03  Drone x3  
  95  6:05  Extractor  
  95  6:07  Extractor  
  93  6:12  Evolution Chamber  
  93  6:13  Drone x4  
  93  6:18  Baneling Nest  
  93  6:26  Drone x9  
  100  6:33  Drone  
  100  6:38  Zerg Missile Weapons Level 1  
  101  6:45  Hydralisk x5  
  111  6:48  Hatchery  
  111  6:54  Hydralisk x2  
  110  6:58  Hydralisk  
  113  7:03  Overlord  
  113  7:05  Centrifical Hooks  
  113  7:06  Muscular Augments  
  113  7:08  Overlord  
  113  7:13  Overlord x2  
  112  7:21  Hydralisk x5  
  122  7:27  Infestation Pit  
  122  7:28  Hydralisk x2  
  122  7:29  Hydralisk  
  127  7:37  Hydralisk x4  
  134  7:52  Overseer  
  134  7:53  Drone  
  135  8:00  Baneling x2  
  135  8:01  Overlord  
  135  8:03  Zergling x16  
  135  8:04  Zergling x14  
  150  8:13  Zergling x4  
  150  8:17  Hive  
  150  8:18  Spire  
  151  8:22  Zergling x10  
  154  8:37  Zerg Melee Weapons Level 1  
  154  8:38  Drone x5  
  154  8:41  Evolution Chamber  
  158  8:43  Overlord x2  
  158  8:45  Overlord  
  158  8:47  Queen  
  160  8:52  Overlord  
  160  8:53  Overlord  
  160  8:54  Overlord  
  158  8:57  Overlord  
  158  9:02  Extractor x2  
  153  9:07  Zergling x30  
  166  9:16  Baneling x16  
  165  9:17  Hatchery  
  165  9:18  Zergling x6  
  165  9:20  Ravager  
  165  9:21  Zergling x8  
  172  9:27  Baneling x11  
  172  9:30  Zergling x8  
  168  9:38  Greater Spire  
  168  9:40  Viper x2  
  168  9:42  Drone x4  
  178  9:55  Drone x3  
  178  9:56  Drone x7  
  178  9:57  Drone  
  189  10:00  Zerg Missile Weapons Level 2  
  189  10:02  Spore Crawler  
  189  10:05  Pneumatized Carapace  
  183  10:14  Overlord  
  183  10:27  Baneling x15  
  182  10:29  Zergling x18  
  182  10:34  Zergling x10  
  184  10:53  Zergling x2  
  184  10:54  Zergling x26  
  189  11:17  Baneling x29  
  189  11:18  Baneling x9  
  189  11:21  Zergling x20  
  199  11:30  Overlord  
  199  11:31  Overlord  
  189  11:45  Zergling x2  
  189  11:46  Zergling x32  
  175  11:50  Hydralisk x5  
  166  11:57  Corruptor x4  
  165  12:04  Corruptor x3  
  171  12:08  Queen  
  171  12:10  Spine Crawler  
  171  12:12  Corruptor  
  174  12:17  Extractor  
  174  12:19  Drone x3  
  174  12:20  Extractor  
  175  12:23  Spine Crawler  
  175  12:25  Baneling x3  
  175  12:26  Zerg Melee Weapons Level 2  
  175  12:27  Zerg Ground Armor Level 1  
  174  12:43  Overlord, Overseer  
  174  12:44  Overlord  
  174  12:48  Overlord  
  174  12:51  Zerg Flyer Weapons Level 1  
  174  13:02  Brood Lord x6  
  186  13:07  Drone x2  
  186  13:08  Drone x4  
  192  13:14  Spine Crawler  
  192  13:16  Spine Crawler  
  192  13:17  Spine Crawler  
  192  13:18  Corruptor x2  
  192  13:19  Corruptor x2  
  197  13:24  Spore Crawler  
  196  13:28  Spine Crawler  
  196  13:29  Spine Crawler x2  
  196  13:30  Spine Crawler  
  190  13:47  Pathogen Glands  
  187  13:50  Drone x4  
  187  13:51  Drone  
  187  13:53  Overseer  
  192  13:58  Hatchery  
  192  13:59  Queen  
  189  14:10  Corruptor x4  
  189  14:13  Brood Lord  
  199  14:23  Corruptor  
  199  14:24  Corruptor  
  196  14:27  Baneling x3  
  194  14:36  Corruptor x3  
  198  15:02  Overseer  
  195  15:14  Extractor  
  195  15:17  Extractor  
  195  15:18  Spore Crawler, Spine Crawler  
  195  15:19  Zerg Flyer Weapons Level 2  
  195  15:20  Spine Crawler  
  195  15:21  Spine Crawler  
  186  15:27  Infestor x7  
  200  15:29  Neural Parasite  
  200  15:30  Burrow  
  200  15:38  Overlord  
  197  15:43  Overlord  
  197  15:48  Infestor x2  
  187  16:01  Infestor x3  
  166  16:22  Brood Lord  
  166  16:23  Spore Crawler  
  166  16:24  Brood Lord x2, Spore Crawler  
  166  16:25  Spore Crawler, Corruptor x6  
  169  16:29  Overseer  
  181  16:37  Drone x3, Overseer x2  
  184  16:50  Corruptor x6  
  184  16:53  Overseer  
Tags
 
Add a new tag
Caveats
  • Supply blocks, unpowered buildings, or Contaminate may cause inaccurate times.
  • Supply counts are checked every 10 seconds.